 Dungeon Crawl Stone Soup version 0.30.1-9-gdf580d7c3d (webtiles) character file.

Game seed: 15048084213008786182

844 Cheops the Conjurer (level 8, -9/62 HPs)
             Began as a Naga Fire Elementalist on Oct 7, 2023.
             Was a Believer of Cheibriados.
             Killed by an exploding gnoll bouda (17 damage)
             ... ignited by their inner flame
             ... on level 6 of the Dungeon.
             The game lasted 00:21:48 (6351 turns).

Cheops the Conjurer (Naga Fire Elementalist)        Turns: 6351, Time: 00:21:48

Health: -9/62      AC:  8    Str: 14    XL:     8   Next: 0%
Magic:  2/12       EV:  8    Int: 21    God:    Cheibriados [**....]
Gold:   105        SH:  0    Dex: 20    Spells: 2/13 levels left

rFire   + . .        a - staff of conjuration {!a}
rCold   + + .        (no shield)
rNeg    + + .        s - +1 robe {rN+}
rPois   +            (no helmet)
rElec   .            C - scarf {rC+ rF+}
rCorr   .            (no gloves)
SInv    +            g - +0 barding of the Charming Gods {rPois rC+ rN+ Dex+3}
Will    +....        (no amulet)
Stlth   +++          (no ring)
HPRegen 0.30/turn    (no ring)
MPRegen 0.13/turn

%: no passive effects
@: about to teleport, very slow
A: AC +2, large, see invisible, deformed body, poison resistance, slowness 2,
spit poison 1, naga tail 1
a: Spit Poison, Renounce Religion, Bend Time


You were on level 6 of the Dungeon.
You worshipped Cheibriados.
Cheibriados was pleased with you.
You visited 1 branch of the dungeon, and saw 6 of its levels.

You collected 231 gold pieces.
You spent 126 gold pieces at shops.

Inventory:

Hand Weapons
 b - the +2 dagger of the Puffball {pain, rElec rC- Int+5}
   (You found it on level 2 of the Dungeon)

   Int:       It affects your intelligence (+5).
   rC:        It makes you vulnerable to cold.
   rElec:     It insulates you from electricity.
 c - a +0 dagger of freezing
 d - a +3 dagger
Armour
 g - the +0 barding of the Charming Gods (worn) {rPois rC+ rN+ Dex+3}
   (You acquired it on level 5 of the Dungeon)

   Dex:       It affects your dexterity (+3).
   rC:        It protects you from cold.
   rPois:     It protects you from poison.
   rN:        It protects you from negative energy.
 s - a +1 robe of positive energy (worn)
 C - a scarf of resistance (worn)
Magical Staves
 a - a staff of conjuration (weapon) {!a}
Wands
 z - a wand of polymorph (8)
 B - a wand of roots (9)
Scrolls
 h - a scroll of amnesia
 k - a scroll of vulnerability
 p - a scroll of enchant armour
 q - a scroll of immolation
 u - a scroll of silence
 w - a scroll of torment
 D - a scroll of fog
Potions
 e - a potion of might {unknown}
 f - a potion of resistance {unknown}
 j - 2 potions of attraction {unknown}
 l - 8 potions of curing
 m - 3 potions of mutation {unknown}
 n - 2 potions of flight {unknown}
 r - 2 potions of magic
 t - 2 potions of invisibility {unknown}
 v - a potion of lignification {unknown}
 x - 2 potions of heal wounds
 A - a potion of haste {unknown}


   Skills:
 - Level 1.5 Dodging
 - Level 3.0 Stealth
 - Level 3.0 Spellcasting
 - Level 6.0 Conjurations
 + Level 5.7 Fire Magic
 - Level 3.0 Invocations


You had 2 spell levels left.
You knew the following spells:

 Your Spells              Type           Power      Damage    Failure   Level
a - Foxfire               Conj/Fire      100%       2x1d9     1%          1
b - Sticky Flame          Conj/Fire      41%        2d6       12%         4
s - Scorch                Fire           54%        2d7       1%          2
w - Flame Wave            Conj/Fire      41%        2d11      12%         4

Your spell library contained the following spells:

 Spells                   Type           Power      Damage    Failure   Level
 Freeze                   Ice            12%        1d3       13%         1
 Necrotise                Necr           12%        1d4       13%         1
 Ensorcelled Hibernation  Hex/Ice        6%         N/A       21%         2
 Hailstorm                Conj/Ice       23%        3d7       12%         3
 Inner Flame              Hex/Fire       15%        N/A       12%         3
 Volatile Blastmotes      Fire/Tloc      30%        2d12      12%         3
 Frozen Ramparts          Ice            6%         1d1       36%         3
 Spider Form              Tmut/Pois      3%         N/A       36%         3
 Vampiric Draining        Necr           3%         2d6       36%         3
 Anguish                  Hex/Necr       1%         N/A       78%         4
 Agony                    Necr           3%         N/A       98%         5


Dungeon Overview and Level Annotations

Branches:
Dungeon (6/15)             Temple (0/1) D:5

Altars:
Cheibriados
Qazlal
Xom
Yredelemnul

Shops:
D:4 !

Annotations:
D:1 2 transporters
D:6 Pikel


Innate Abilities, Weirdness & Mutations

Your serpentine skin is tough. (AC +2)
You have supernaturally acute eyesight. (SInv)
Armour fits poorly on your strangely shaped body.
Your system is resistant to poisons. (rPois)
You cover ground very slowly.
You can spit poison.
You have a snake-like lower body.


Message History

It was a scroll of immolation.
Pikel hits you with a +2 whip of freezing.
The lemure hits you. The lemure hits you but does no damage.
A gnoll comes into view. It is wielding a +0 flail.
As you read the scroll labelled XINIMNEDGHY, it crumbles to dust.
You feel strangely unstable.
It was a scroll of teleportation.
The gnoll barely misses you.
Pikel hits you with a +2 whip of freezing.
The lemure hits you.
* * * LOW HITPOINT WARNING * * *
The lemure hits you!
* * * LOW HITPOINT WARNING * * *
The gnoll bouda barks out a call to the hunt!
The gnoll hits you with a +0 spear.
* * * LOW HITPOINT WARNING * * *
The gnoll bouda completely misses you. Pikel closely misses you.
The gnoll hits you but does no damage.
Casting: Foxfire (safe; 1% risk of failure)
Confirm with . or Enter, or press ? or * to list all spells.
Casting: Flame Wave (dangerous; 12% risk of failure)
Press: ? - help, Dir - look around, f - activate You feel a surge of power!
A wave of flame ripples out!
The flame wave engulfs the gnoll bouda!
Flame seeps out of the gnoll bouda.
The gnoll bouda is heavily wounded.
The flame wave engulfs the gnoll!
Cheibriados thoroughly appreciates the change of pace.
The flame wave engulfs the gnoll!
You kill the gnoll!
Cheibriados thoroughly appreciates the change of pace.
The flame wave engulfs Pikel!
Flame seeps out of Pikel.
Pikel is lightly wounded. (Press . to intensify the flame waves.)
The gnoll explodes!
The fiery explosion engulfs you! You resist.
* * * LOW HITPOINT WARNING * * *
The fiery explosion engulfs the gnoll bouda!!
Cheibriados appreciates the change of pace.
The gnoll bouda explodes!
The fiery explosion engulfs you! You resist.
You die...

,*,,,*,,,******#......†..'..#,*,,
,*,,,*,,,***** #.........##>#,*,,
,*,,,*,,,,,,,* #.........####,#,,
**,,,*,,,,,,,* #..g.#'#######.#,,
**,,,*,,,,,,,**#.....g.........,,
,+,,,+,,,,,,,+,+.§.>....g.....#,*
**,,,**,,,,,,**#.§§.###.).$....,*
**,,,**,,,,,,* #§§§§# #.#######**
,,,,,**,,,,,,* #@§§§# #.# *
,,,,,,,,*******##K#.# #.# *
,,,,,,,,*,.....§§55§# #.# *
,,,,,,,,*,.....§5§#+#*#.# *
,,,,,,,,*,.###.....,,*#.# *
,,,,,,,,*,,*~#.....,,*#.# *
,,,,,,,,,,,*∩#......,*#.# *
,,,,,,,,,,,*~##.....,,*,* *
,,,,,,,,,,,*~*#......,*,* *


You could see Pikel (inner flame) and 2 lemures.

Vanquished Creatures
  A water moccasin (D:5)
  A black bear (D:5)
  A phantom (D:4)
  A howler monkey (D:6)
  5 orc priests
  A gnoll bouda (D:6)
  2 hounds
  A jelly (D:4)
  2 iguanas
  Natasha (twice) (D:2)
  An orc wizard (D:5)
  6 gnolls
  5 adders
  An ufetubus (D:5)
  2 worms
  A dart slug (D:4)
  10 orcs
  2 bats
  A bat zombie (D:2)
  5 endoplasms
  A giant cockroach (D:3)
  6 goblins
  6 hobgoblins
  5 jackals (D:2)
  3 quokkas (D:1)
  6 ball pythons
  2 ball python zombies (D:2)
  4 frilled lizards
  A giant cockroach simulacrum (D:2)
  A giant cockroach zombie (D:2)
  A jackal zombie (D:2)
  4 kobolds
  7 rats
98 creatures vanquished.

Vanquished Creatures (collateral kills)
  2 foxfires (D:2)
2 creatures vanquished.

Vanquished Creatures (others)
  371 foxfires
371 creatures vanquished.

Grand Total: 471 creatures vanquished

Notes
Turn   | Place    | Note
-------+----------+-------------------------------------------
     0 | D:1      | Cheops the Naga Fire Elementalist began the quest for the
                  | Orb.
     0 | D:1      | Reached XP level 1. HP: 15/15 MP: 3/3
   412 | D:1      | Reached XP level 2. HP: 17/22 MP: 0/5
  1590 | D:1      | Learned a level 2 spell: Scorch
  1724 | D:2      | Reached XP level 3. HP: 28/28 MP: 1/7
  1829 | D:2      | Found a shimmering altar of Xom.
  1904 | D:2      | Reached skill level 2 in Conjurations
  2151 | D:2      | Noticed Natasha
  2319 | D:2      | Killed Natasha
  2320 | D:2      | Reached skill level 3 in Conjurations
  2320 | D:2      | Reached XP level 4. HP: 35/36 MP: 2/8
  2370 | D:2      | Identified the +2 dagger of the Puffball {pain, rElec rC-
                  | Int+5}
  2453 | D:2      | Noticed Natasha
  2460 | D:2      | Killed Natasha
  2595 | D:2      | Learned a level 4 spell: Sticky Flame
  3216 | D:3      | Found a snail-covered altar of Cheibriados.
  3229 | D:3      | Reached XP level 5. HP: 34/42 MP: 0/9
  3315 | D:3      | Became a worshipper of Cheibriados the Contemplative
  3495 | D:3      | Found a basalt altar of Yredelemnul.
  4409 | D:4      | Reached skill level 5 in Fire Magic
  4409 | D:4      | Reached XP level 6. HP: 41/49 MP: 4/10
  4476 | D:4      | Reached skill level 4 in Conjurations
  4568 | D:4      | Learned a level 4 spell: Flame Wave
  4694 | D:4      | Reached * piety under Cheibriados
  5117 | D:4      | Found Niveg's Distillery.
  5122 | D:4      | Bought a potion of curing for 42 gold pieces
  5122 | D:4      | Bought a potion of heal wounds for 70 gold pieces
  5122 | D:4      | Bought a potion of degeneration for 14 gold pieces
  5328 | D:5      | Entered Level 5 of the Dungeon
  5328 | D:5      | Noticed a black bear
  5328 | D:5      | Found a stormy altar of Qazlal.
  5332 | D:5      | Killed a black bear
  5333 | D:5      | Reached skill level 5 in Conjurations
  5333 | D:5      | Reached XP level 7. HP: 55/55 MP: 6/11
  5429 | D:5      | Reached skill level 1 in Invocations
  5667 | D:5      | Found a staircase to the Ecumenical Temple.
  5960 | D:5      | Reached skill level 6 in Conjurations
  6253 | D:5      | Identified a scroll of acquirement
  6255 | D:5      | Acquired the +0 barding of the Charming Gods {rPois rC+ rN+
                  | Dex+3}
  6325 | D:6      | Reached ** piety under Cheibriados
  6338 | D:6      | Reached XP level 8. HP: 62/62 MP: 4/12
  6344 | D:6      | Noticed Pikel
  6351 | D:6      | Killed by an exploding gnoll bouda... ignited by their
                  | inner flame

Illustrated notes

Levels and vault maps discovered:
D:1:      spicycebolla_arrival_transporter_tutorial, layout_basic
D:2:      layout_basic, basic_altar, dilly_guarded_unrand_morg
D:3:      layout_loops_ring, yredelemnul_altar_generic, slow_altar_1
D:4:      layout_loops_cross, serial_shops, shop,
          nicolae_elevator_lobby_asterisk
D:5:      layout_gridville, grunt_qazlal_clouds, minmay_temple_entry_junction
D:6:      layout_basic, led_sif_pool, zin_academy, portal_sewer_entry_d,
          gammafunk_ghost_grave, uniq_pikel

Skill      XL: |  1  2  3  4  5  6  7 |
---------------+----------------------+-----
Spellcasting   | 3 |  3.0
Conjurations   | 3 5 6 |  6.0
Fire Magic     | 4 5 |  5.7
Invocations    | 3 |  3.0
Dodging        | |  1.5
Stealth        | |  3.0

Action                     |  1- 3 |  4- 6 |  7- 9 || total
---------------------------+-------+-------+-------++-------
  Melee: Unarmed           |     1 |       |       ||     1
         Dagger            |     5 |     3 |       ||     8
         Short sword       |     5 |       |       ||     5
   Cast: Foxfire           |    88 |    98 |    44 ||   230
         Scorch            |       |     4 |     2 ||     6
         Sticky Flame      |       |       |     1 ||     1
         Flame Wave        |       |       |     1 ||     1
Ability: Spit Poison       |     2 |     3 |     3 ||     8
    Use: Scroll            |       |       |    12 ||    12
 Armour: Robe              |     4 |    10 |     5 ||    19
  Dodge: Dodged            |    12 |    15 |    12 ||    39
